 Dungeon Crawl Stone Soup version 0.29-a0-1027-gcd8c55af63 (webtiles) character file.

Game seed: 3056717888912038057

28 Locuples the Chopper (level 3, -5/33 HPs)
             Began as a Minotaur Berserker on Aug 12, 2022.
             Was a Believer of Trog.
             Killed from afar by Natasha (7 damage)
             ... with a magic dart
             ... on level 2 of the Dungeon.
             The game lasted 00:01:23 (746 turns).

Locuples the Chopper (Minotaur Berserker)            Turns: 746, Time: 00:01:23

Health: -5/33      AC:  3    Str: 23    XL:     3   Next: 0%
Magic:  2/2        EV: 11    Int:  4    God:    Trog [**....]
Gold:   112        SH:  0    Dex:  9    Spells: 2/2 levels left

rFire   . . .      SeeInvis .   a - +0 hand axe
rCold   . . .      Faith    .   (no shield)
rNeg    . . .      Spirit   .   d - +0 leather armour
rPois   .          Reflect  .   (helmet restricted)
rElec   .          Harm     .   (no cloak)
rCorr   .          Rampage  .   (no gloves)
Will    .....                   (no boots)
Stlth   +.........              (no amulet)
HPRegen 0.11/turn               (no ring)
MPRegen 0.08/turn               (no ring)

@: no status effects
A: horns 2, retaliatory headbutt
a: Renounce Religion, Berserk, Trog's Hand


You were on level 2 of the Dungeon.
You worshipped Trog.
Trog was pleased with you.
You visited 1 branch of the dungeon, and saw 2 of its levels.

You collected 112 gold pieces.

Inventory:

Hand Weapons
 a - a +0 hand axe (weapon)
Armour
 d - a +0 leather armour (worn)
Scrolls
 e - a scroll of identify {unknown}
Potions
 b - a potion of brilliance {unknown}
 c - 3 potions of curing {unknown}


   Skills:
 + Level 4.0 Fighting
 * Level 4.5 Axes
 + Level 2.6 Armour
 + Level 2.3 Dodging


You had 2 spell levels left.
You didn't know any spells.
Your spell library was empty.

Dungeon Overview and Level Annotations

Branches:
Dungeon (2/15)

Altars:

Annotations:
D:2 Natasha


Innate Abilities, Weirdness & Mutations

You have a pair of horns on your head.
You reflexively headbutt those who attack you in melee.


Message History

You kill the crimson imp!
The crimson imp disappears in a puff of smoke!
Natasha claws you!
You barely miss Natasha. You headbutt Natasha, but do no damage.
Natasha is moderately wounded.
You slash the white imp!
Natasha stares at you and mumbles some strange words.
The magic dart hits you!
The white imp hits you but does no damage.
You hit Natasha. Your headbutt misses Natasha.
Natasha is moderately wounded.
You hit the white imp.
You kill the white imp!
The white imp disappears in a puff of smoke!
Natasha casts a spell.
You barely miss Natasha. You headbutt Natasha, but do no damage.
Natasha is moderately wounded.
Natasha claws you.
You hit Natasha. You punch Natasha.
Natasha is almost dead.
Natasha casts a spell.
You barely miss Natasha.
Natasha is almost dead.
You miss the crimson imp. You hit the crimson imp.
Natasha claws you but does no damage. The crimson imp closely misses you.
You furiously retaliate!
You headbutt the crimson imp! The crimson imp hits you.
* * * LOW HITPOINT WARNING * * *
You fail to use your ability.
Natasha claws you.
* * * LOW HITPOINT WARNING * * *
The crimson imp blinks!
The crimson imp spits at you. The crimson imp hits you.
* * * LOW HITPOINT WARNING * * *
You barely miss Natasha.
Natasha is almost dead.
You miss the crimson imp. Natasha casts a spell at you.
The magic dart hits you!
You die...

# # ##.###'#####
#...#
#.#.#..........#
#...#
.##...#......)...#
#...#
......'..........#
#####
....###..........# .
#.#.......##
.#.#####.#..#########
........)...5........
.............@h....#
##.####..#.#######5..
#..#.# #..#.. #..###.
.[.# .. ###.# .. ...
... ...


You could see Natasha and 2 crimson imps.

Vanquished Creatures
  A dart slug (D:1)
  2 ball pythons
  3 bats (D:1)
  2 endoplasms (D:1)
  A giant cockroach (D:1)
  3 goblins
  4 hobgoblins (D:1)
  2 jackals (D:1)
  2 frilled lizards (D:1)
  A kobold (D:1)
  A rat (D:1)
22 creatures vanquished.

Notes
Turn   | Place    | Note
-------+----------+-------------------------------------------
     0 | D:1      | Locuples the Minotaur Berserker began the quest for the
                  | Orb.
     0 | D:1      | Reached XP level 1. HP: 19/19 MP: 0/0
    77 | D:1      | Reached XP level 2. HP: 21/27 MP: 1/1
   424 | D:1      | Found a faded altar of an unknown god.
   690 | D:2      | Reached ** piety under Trog
   691 | D:2      | Reached XP level 3. HP: 28/33 MP: 2/2
   734 | D:2      | Noticed Natasha
   745 | D:2      | HP: 1/33 [crimson imp[Natasha] (2)]
   746 | D:2      | Killed from afar by Natasha

Illustrated notes

Levels and vault maps discovered:
D:1:      heliophobic_arrival_battle_scene, layout_rooms,
          shapermc_ecumenical_altar_rom_forum
D:2:      layout_basic, uniq_natasha

Skill      XL: |  1  2 |
---------------+-------+-----
Axes           | 4 |  4.5
Fighting       | 4 |  4.0
Armour         | |  2.6
Dodging        | |  2.3

Action                   || total
-------------------------++-------
Melee: Hand axe          ||    50
       Headbutt          ||     7
       Punch             ||     2
Armor: Animal skin       ||     3
       Leather armour    ||    17
Dodge: Dodged            ||    36

Table legend: (Time is in decaauts)
 A = Elapsed time spent in this place.
 B = Non-inter-level travel time spent in this place.
 C = Inter-level travel time spent in this place.
 D = Time resting spent in this place.
 E = Time spent auto-exploring this place.
 F = Levels seen in this place.
 G = Mean time per level.
                   A        B        C        D        E       F      G
               +--------+--------+--------+--------+--------+-----+--------+
         Total |    750 |    750 |      0 |      0 |    564 |   2 |  375.0 |
       Dungeon |    750 |    750 |      0 |      0 |    564 |   2 |  375.0 |
               +--------+--------+--------+--------+--------+-----+--------+

Top non-repeatable levels by time:
     D:1: 653 daAuts
     D:2: 96 daAuts
